 Dungeon Crawl Stone Soup version 0.24-a0-451-g263dff2034 (webtiles) character file.

Game seed: 7600244441106004667

657 Mrkan the Cleaver (level 7, -6/61 HPs)
             Began as a Hill Orc Monk on June 26, 2019.
             Was a Believer of Beogh.
             Mangled by an ogre
             ... wielding a +0 giant club
              (19 damage)
             ... on level 5 of the Dungeon.
             The game lasted 00:09:03 (3888 turns).

Mrkan the Cleaver (Hill Orc Monk)                   Turns: 3888, Time: 00:09:04

Health: -6/61      AC:  9    Str: 16    XL:     7   Next: 55%
Magic:  10/10      EV:  5    Int: 10    God:    Beogh [**....]
Gold:   335        SH:  9    Dex: 13    Spells: 6/6 levels left

rFire    . . .     SeeInvis .   a - +0 hand axe
rCold    . . .     Gourm    .   g - +0 shield
rNeg     . . .     Faith    .   p - +0 chain mail
rPois    .         Spirit   .   (no helmet)
rElec    .         Reflect  .   (no cloak)
rCorr    .         Harm     .   s - +0 pair of gloves
MR       .....                  (no boots)
Stlth    ..........             l - amulet of rage
HPRegen  0.20/turn              (no ring)
MPRegen  0.12/turn              (no ring)

@: no status effects
A: no striking features
a: Smiting, Renounce Religion, Evoke Berserk Rage


You were on level 5 of the Dungeon.
You worshipped Beogh.
Beogh was pleased with you.
You were not hungry.

You visited 1 branch of the dungeon, and saw 5 of its levels.

You collected 335 gold pieces.

Inventory:

Hand Weapons
 a - a +0 hand axe (weapon)
Missiles
 u - 15 poisoned darts (quivered)
 v - 3 javelins
Armour
 g - a +0 shield (worn)
 p - a +0 chain mail (worn)
 s - a +0 pair of gloves (worn)
Jewellery
 d - an uncursed ring of fire {unknown}
 l - an amulet of rage (around neck)
 m - an uncursed ring of stealth {unknown}
 t - a +2 ring of intelligence {unknown}
Scrolls
 b - 7 scrolls of identify
 f - 4 scrolls of teleportation {unknown}
 k - 3 scrolls of remove curse {unknown}
 n - 2 scrolls of enchant weapon {unknown}
 q - a scroll of blinking {unknown}
 r - 2 scrolls of enchant armour {unknown}
 w - a scroll of fog {unknown}
Potions
 e - 3 potions of curing
 h - 2 potions of lignification {unknown}
 i - 2 potions of mutation {unknown}
 j - 4 potions of flight {unknown}
 o - a potion of might {unknown}
Comestibles
 c - 11 rations


   Skills:
 + Level 5.5 Fighting
 * Level 8.0 Axes
 - Level 2.4 Dodging
 - Level 1.5 Stealth
 + Level 3.0 Shields
 * Level 4.7 Invocations


You had 6 spell levels left.
You didn't know any spells.
Your spell library was empty.

Dungeon Overview and Level Annotations

Branches:
Dungeon (5/15)             Temple (0/1) D:5

Altars:
Cheibriados
Hepliaklqana
Qazlal
Sif Muna
Xom
The Shining One

Shops:
D:4 *


Message History

The ogre is lightly wounded.
Your chain mail prevents you from hitting the worker ant zombie.
The worker ant zombie bites you but does no damage.
You hit the ogre.
The ogre is moderately wounded.
Your shield and chain mail prevent you from hitting the worker ant zombie.
The ogre hits you with a +0 giant club!
You block the worker ant zombie's attack.
You hit the ogre but do no damage.
The ogre is moderately wounded.
You hit the worker ant zombie but do no damage.
The ogre hits you with a +0 giant club!
* * * LOW HITPOINT WARNING * * *
The worker ant zombie barely misses you.
Your shield and chain mail prevent you from hitting the ogre.
The ogre is moderately wounded.
You hit the worker ant zombie.
The worker ant zombie bites you but does no damage.
The ogre hits you with a +0 giant club!!
You die...

........##..# #... #Z.....#......
..#...#..#..##....##.....##......
.##..##........_.........##......
. ....##...##....##..............
.....## ...# ... #......##......
....## ..# #.###..............
...# ..####.................. ##
.......OZ...............
.......@................
#............(((........
#..#......#.(........... ##
#......#(..........#.
.........)#.........#.
##.........####.....###
#......#..(# #...#.# #
###....#..#####..#.### .... ##.#
#....#.#..


You could see an ogre and a worker ant zombie.

Vanquished Creatures
  A sky beast (D:5)
  A phantom (D:4)
  A centaur (D:5)
  A scorpion (D:5)
  2 howler monkeys
  A centaur zombie (D:5)
  A crimson imp (D:5)
  A hound (D:4)
  An orc priest (D:4)
  An orc wizard (D:3)
  7 adders
  A shadow imp (D:5)
  3 dart slugs
  A leopard gecko (D:5)
  11 orcs
  2 ball pythons
  A giant cockroach (D:3)
  6 goblins
  4 hobgoblins
  4 jackals (D:3)
  3 quokkas
  5 bats
  4 frilled lizards
  3 kobolds
  A leopard gecko skeleton (D:5)
  A quokka skeleton (D:4)
  4 rats
72 creatures vanquished.

Vanquished Creatures (others)
  An orc priest (D:3)
  A goblin (D:3)
  2 kobolds (D:3)
4 creatures vanquished.

Grand Total: 76 creatures vanquished

Notes
Turn   | Place    | Note
-------+----------+-------------------------------------------
     0 | D:1      | Mrkan the Hill Orc Monk began the quest for the Orb.
     0 | D:1      | Reached XP level 1. HP: 19/19 MP: 1/1
   264 | D:1      | Reached XP level 2. HP: 21/27 MP: 2/2
   814 | D:2      | Reached skill level 5 in Axes
   814 | D:2      | Reached XP level 3. HP: 32/33 MP: 3/3
  1216 | D:2      | Found a hazy altar of Hepliaklqana.
  1499 | D:2      | Reached XP level 4. HP: 18/41 MP: 4/4
  1533 | D:2      | Found a stormy altar of Qazlal.
  1957 | D:3      | Reached skill level 1 in Shields
  2051 | D:3      | Became a worshipper of Beogh the Brigand
  2051 | D:3      | Reached * piety under Beogh
  2051 | D:3      | Reached ** piety under Beogh
  2084 | D:3      | Reached skill level 6 in Axes
  2463 | D:4      | Noticed a phantom
  2468 | D:4      | Found Laeghu's Assorted Antiques.
  2601 | D:4      | Killed a phantom
  2601 | D:4      | Reached skill level 1 in Invocations
  2601 | D:4      | Reached XP level 5. HP: 32/47 MP: 4/6
  2666 | D:4      | Reached XP level 6. HP: 24/55 MP: 7/7
  2710 | D:4      | Reached skill level 5 in Fighting
  3132 | D:4      | Reached skill level 7 in Axes
  3139 | D:4      | Found a faded altar of an unknown god.
  3139 | D:4      | Found a snail-covered altar of Cheibriados.
  3144 | D:4      | Found a deep blue altar of Sif Muna.
  3146 | D:4      | Found a faded altar of an unknown god.
  3148 | D:4      | Found a shimmering altar of Xom.
  3176 | D:5      | Entered Level 5 of the Dungeon
  3176 | D:5      | Found a glowing golden altar of the Shining One.
  3493 | D:5      | Reached XP level 7. HP: 46/61 MP: 9/9
  3630 | D:5      | Found a staircase to the Ecumenical Temple.
  3736 | D:5      | Reached skill level 8 in Axes
  3888 | D:5      | Mangled by an ogre

Levels and vault maps discovered:
D:1:      dpeg_arrival_simpleton_c, layout_basic, minmay_pentomino_q2
D:2:      layout_basic, lemuel_crystal_altar, first_ration,
          nicolae_qazlal_eye_of_the_storm
D:3:      layout_rooms
D:4:      layout_rooms, chequers_temple_overflow_minitemple, serial_shops,
          nicolae_shop_stone, minmay_misc_feat_cross
D:5:      layout_cave_pools, nicolae_overflow_crystal_walls,
          minmay_temple_entry_trees

Skill      XL: |  1  2  3  4  5  6  7 |
---------------+----------------------+-----
Fighting       | 4 5 |  5.5
Axes           | 5 6 7 8 |  8.0
Shields        | 1 2 3 |  3.0
Invocations    | 1 2 3 4 |  4.7
Dodging        | |  2.4
Stealth        | |  1.5

Action                   |  1- 3 |  4- 6 |  7- 9 || total
-------------------------+-------+-------+-------++-------
Melee: Hand axe          |   108 |   294 |    70 ||   472
Throw: Dart              |       |    13 |       ||    13
Invok: Convert to Beogh  |       |     1 |       ||     1
  Use: Potion            |     2 |     5 |     1 ||     8
       Scroll            |     2 |       |       ||     2
 Stab: Sleeping          |     1 |       |       ||     1
  Eat: Chunk             |     1 |     8 |       ||     9
       Ration            |       |       |     1 ||     1
Armor: Robe              |     1 |       |       ||     1
       Ring mail         |     5 |       |       ||     5
       Chain mail        |    36 |   183 |    36 ||   255
Dodge: Dodged            |    36 |    50 |    14 ||   100
Block: Shield            |    12 |    98 |    18 ||   128

Table legend:
 A = Non-vault XP
 B = Vault XP
 C = Vault XP percentage of total XP
 D = Non-vault monster count
 E = Vault monster count
 F = Vault count percentage of total count
                 A         B        C        D         E       F
            +---------+---------+-------+---------+---------+-------
      Total |     935 |       4 |   0.4 |      70 |       2 |   2.8
            +---------+---------+-------+---------+---------+-------
        D:1 |      24 |       4 |  14.3 |      14 |       2 |  12.5
        D:2 |      56 |       0 |   0.0 |      11 |       0 |   0.0
        D:3 |      65 |       0 |   0.0 |      19 |       0 |   0.0
        D:4 |     289 |       0 |   0.0 |      14 |       0 |   0.0
        D:5 |     501 |       0 |   0.0 |      12 |       0 |   0.0
            +---------+---------+-------+---------+---------+-------
